 Dungeon Crawl Stone Soup version 0.26-a0-1161-g0398aca569 (webtiles) character file.

Game seed: 16338743549131323168

162 Hopman the Skirmisher (level 5, -5/47 HPs)
             Began as a Hill Orc Fighter on Dec 28, 2020.
             Killed by nerve-wracking pain
             ... invoked by an orc priest
              (14 damage)
             ... on level 3 of the Dungeon.
             The game lasted 00:04:15 (1763 turns).

Hopman the Skirmisher (Hill Orc Fighter)            Turns: 1763, Time: 00:04:17

Health: -5/47      AC:  7    Str: 20    XL:     5   Next: 43%
Magic:  5/5        EV:  7    Int:  8    God:
Gold:   122        SH:  9    Dex: 10    Spells: 4/4 levels left

rFire    . . .     SeeInvis .   a - +0 war axe
rCold    . . .     Faith    .   c - +0 kite shield
rNeg     . . .     Spirit   .   b - +0 scale mail
rPois    .         Reflect  .   (no helmet)
rElec    .         Harm     .   (no cloak)
rCorr    .         Rampage  .   (no gloves)
Will     .....                  (no boots)
Stlth    ..........             (no amulet)
HPRegen  0.15/turn              (no ring)
MPRegen  0.09/turn              (no ring)

@: mighty
A: no striking features
a: Convert to Beogh


You were on level 3 of the Dungeon.
You visited 1 branch of the dungeon, and saw 3 of its levels.

You collected 122 gold pieces.

Inventory:

Hand Weapons
 a - a +0 war axe (weapon)
Armour
 b - a +0 scale mail (worn)
 c - a +0 kite shield (worn)
Scrolls
 e - 3 scrolls of identify {unknown}
 h - a scroll of random uselessness {unknown}
 i - a scroll of enchant weapon {unknown}
 j - a scroll of noise {unknown}
 m - a scroll of remove curse {unknown}
Potions
 f - a potion of brilliance {unknown}
 g - a potion of flight {unknown}
 k - 2 potions of curing {unknown}
 l - a potion of ambrosia {unknown}


   Skills:
 + Level 4.8 Fighting
 + Level 4.1 Axes
 + Level 4.3 Armour
 + Level 4.3 Shields


You had 4 spell levels left.
You didn't know any spells.
Your spell library was empty.

Dungeon Overview and Level Annotations

Branches:
Dungeon (3/15)

Altars:
Hepliaklqana
Xom
Zin


Message History

An orc priest comes into view.
You block the orc's attack.
You closely miss the orc.
The orc priest shouts!
The orc priest shouts, "Surrender to Beogh and we'll let you live!" (press Y on the ability menu to convert to Beogh)
You hit the orc. The orc barely misses you.
The orc hits you but does no damage.
The orc hits you with a +1 whip of electrocution.
You feel very mighty all of a sudden. The orc hits you with a +0 dagger.
The orc hits you but does no damage.
You are electrocuted!
* * * LOW HITPOINT WARNING * * *
You slash the orc!
You kill the orc!
You slash the orc!
You kill the orc!
The orc priest calls down the wrath of Beogh upon you.
Pain shoots through your body!
You die...

#.#.########
#.#.<......#
#.########.#
#.##.########.#
#..............
#.##.....#### #
#####.# #.# #@#
#...)).o....
#.##.####.## #
#.. ###


You could see an orc priest.

Vanquished Creatures
  A bullfrog skeleton (D:2)
  4 adders (D:2)
  3 gnolls (D:2)
  4 oozes
  2 worms (D:2)
  3 leopard geckos
  4 orcs (D:3)
  7 bats
  A giant cockroach (D:1)
  9 goblins
  A hobgoblin (D:2)
  3 kobolds
  4 rats (D:1)
46 creatures vanquished.

Notes
Turn   | Place    | Note
-------+----------+-------------------------------------------
     0 | D:1      | Hopman the Hill Orc Fighter began the quest for the Orb.
     0 | D:1      | Reached XP level 1. HP: 19/19 MP: 1/1
    94 | D:1      | Reached XP level 2. HP: 26/27 MP: 2/2
   383 | D:1      | Reached XP level 3. HP: 30/33 MP: 3/3
   605 | D:2      | Noticed an angel
   606 | D:2      | Found a shimmering altar of Xom.
   606 | D:2      | Found a glowing silver altar of Zin.
   670 | D:2      | Reached XP level 4. HP: 41/41 MP: 4/4
  1322 | D:2      | Reached XP level 5. HP: 37/47 MP: 5/5
  1687 | D:2      | Found a hazy altar of Hepliaklqana.
  1763 | D:3      | Killed from afar by an orc priest

Illustrated notes

Levels and vault maps discovered:
D:1:      nicolae_arrival_washed_ashore, layout_rooms
D:2:      layout_basic, grunt_temple_overflow_order_and_chaos_1,
          nzn_hepliaklqana_mist_gate
D:3:      layout_loops_ring

Skill      XL: |  1  2  3  4 |
---------------+-------------+-----
Axes           | 3 4 |  4.1
Fighting       | 4 |  4.8
Shields        | 4 |  4.3
Armour         | 4 |  4.3

Action                   |  1- 3 |  4- 6 || total
-------------------------+-------+-------++-------
Melee: War axe           |    54 |   100 ||   154
  Use: Potion            |       |     2 ||     2
Armor: Scale mail        |    34 |    60 ||    94
Dodge: Dodged            |    20 |    33 ||    53
Block: Kite shield       |    28 |    46 ||    74

Table legend: (Time is in decaauts)
 A = Elapsed time spent in this place.
 B = Non-inter-level travel time spent in this place.
 C = Inter-level travel time spent in this place.
 D = Time resting spent in this place.
 E = Time spent auto-exploring this place.
 F = Levels seen in this place.
 G = Mean time per level.
                   A        B        C        D        E       F      G
               +--------+--------+--------+--------+--------+-----+--------+
         Total |   1825 |   1785 |     40 |    523 |    883 |   3 |  608.3 |
       Dungeon |   1825 |   1785 |     40 |    523 |    883 |   3 |  608.3 |
               +--------+--------+--------+--------+--------+-----+--------+

Top non-repeatable levels by time:
     D:2: 1265 daAuts
     D:1: 517 daAuts
     D:3: 42 daAuts
